 Dungeon Crawl Stone Soup version 0.28-a0-1506-g3893175d92 (webtiles) character file.

Game seed: 11043834505338882331

583 murtidash the Chopper (level 7, -2/66 HPs)
             Began as a Hill Orc Delver on Jan 13, 2022.
             Slain by a scorpion (3 damage)
             ... on level 5 of the Dungeon.
             The game lasted 00:08:26 (4290 turns).

murtidash the Chopper (Hill Orc Delver)             Turns: 4290, Time: 00:08:27

Health: -2/66      AC: 12    Str: 15 (17) XL:     7   Next: 37%
Magic:  7/7        EV:  6    Int:  8 (10) God:
Gold:   136        SH:  0    Dex: 10 (12) Spells: 6/6 levels left

rFire   + . .      SeeInvis .   n - +0 war axe
rCold   . . .      Faith    .   (no shield)
rNeg    + . .      Spirit   .   v - +0 chain mail
rPois   .          Reflect  .   (no helmet)
rElec   .          Harm     .   (no cloak)
rCorr   .          Rampage  .   (no gloves)
Will    .....                   (no boots)
Stlth   ..........              D - amulet of the acrobat
HPRegen 0.21/turn               h - ring "Adinniekyo" {rF+ rN+}
MPRegen 0.10/turn               B - +4 ring of protection

@: mighty, brilliant, lethally poisoned (-2 -> -5), invisible
A: no striking features
a: no special abilities


You were on level 5 of the Dungeon.
You visited 1 branch of the dungeon, and saw 5 of its levels.

You collected 136 gold pieces.

Inventory:

Hand Weapons
 a - a +0 hand axe
 n - a +0 war axe (weapon)
   (You found it on level 4 of the Dungeon)
Missiles
 l - 35 stones (quivered)
Armour
 b - a +0 leather armour
 v - a +0 chain mail (worn)
   (You found it on level 2 of the Dungeon)
Jewellery
 h - the ring "Adinniekyo" (left hand) {rF+ rN+}
   (You found it on level 5 of the Dungeon)

   [ring of positive energy]

   rF:        It protects you from fire.
   rN:        It protects you from negative energy.
 x - an amulet of magic regeneration
   (You found it on level 3 of the Dungeon)
 B - a +4 ring of protection (right hand)
   (You found it on level 3 of the Dungeon)
 D - an amulet of the acrobat (around neck)
   (You found it on level 4 of the Dungeon)
Wands
 f - a wand of flame (15)
   (You took it off Sigmund on level 2 of the Dungeon)
 g - a wand of digging (3)
 w - a wand of charming (8)
   (You found it on level 2 of the Dungeon)
Scrolls
 c - 2 scrolls of fog
 d - a scroll of magic mapping {!r}
 e - a scroll of fear
 i - 2 scrolls of amnesia {unknown}
 j - 3 scrolls of identify {unknown}
 k - a scroll of silence {unknown}
 o - 2 scrolls of teleportation {unknown}
 q - a scroll of enchant weapon {unknown}
 r - a scroll of holy word {unknown}
 s - a scroll of brand weapon {unknown}
 y - a scroll of vulnerability {unknown}
 A - a scroll of torment {unknown}
Potions
 m - a potion of brilliance
 z - a potion of curing {unknown}
 E - a potion of cancellation {unknown}


   Skills:
 + Level 7.3 Fighting
 + Level 7.5 Axes
 + Level 1.0 Armour
 - Level 1.5 Dodging
 - Level 4.1 Stealth


You had 6 spell levels left.
You didn't know any spells.
Your spell library contained the following spells:

 Spells                   Type           Power      Damage    Failure   Level
 Conjure Flame            Conj/Fire      0%         6-21      100%        3
 Ignite Poison            Fire/Tmut/Pois 0%         N/A       100%        3
 Stone Arrow              Conj/Erth      0%         3d7       100%        3
 Summon Guardian Golem    Hex/Summ       0%         N/A       100%        3
 Animate Armour           Summ/Erth      0%         N/A       100%        4
 Hailstorm                Conj/Ice       0%         3d3       100%        4
 Ice Form                 Ice/Tmut       0%         N/A       100%        4
 Sticky Flame             Conj/Fire      0%         2d3       100%        4
 Simulacrum               Ice/Necr       0%         N/A       100%        6
 Orb of Destruction       Conj           0%         N/A       100%        7
 Spellforged Servitor     Conj/Summ      0%         N/A       100%        7
 Lehudib's Crystal Spear  Conj/Erth      0%         10d2      100%        8


Dungeon Overview and Level Annotations

Branches:
Dungeon (5/15)
 Temple: D:4-7

Altars:

Annotations:
D:5 Grinder


Message History

You hit the scorpion zombie but do no damage.
The scorpion zombie hits you.
You take 2 damage, and have 61/66 hp.
You hit the scorpion zombie. The scorpion zombie barely misses you.
You hit the scorpion zombie. The scorpion zombie barely misses you.
You hit the scorpion zombie but do no damage.
The scorpion zombie hits you but does no damage.
You slash the scorpion zombie!
You destroy the scorpion zombie!
Your Armour skill increases to level 1!
No target in view!
No target in view!
No target in view!
No target in view!
No target in view!
No target in view!
No target in view!
No target in view!
No target in view!
No target in view!
No target in view!
No target in view!
A scorpion comes into view.
Health restored: 66 A scorpion is nearby!
An adder zombie comes into view.
You closely miss the scorpion. The scorpion stings you!
You are poisoned.
The scorpion poisons you! The scorpion stings you.
You are more poisoned.
The scorpion poisons you!
You take 14 damage, and have 52/66 hp.
MASSIVE DAMAGE!!
You closely miss the scorpion.
You feel very sick.
The scorpion stings you but does no damage.
You take 6 damage, and have 46/66 hp.
You are too injured to fight recklessly!
You are too injured to fight recklessly!
You are too injured to fight recklessly!
You are too injured to fight recklessly!
You are too injured to fight recklessly!
You are too injured to fight recklessly!
You are too injured to fight recklessly!
You are too injured to fight recklessly!
You are too injured to fight recklessly!
You are too injured to fight recklessly!
You are too injured to fight recklessly!
You are too injured to fight recklessly!
You are too injured to fight recklessly!
You are too injured to fight recklessly!
You are too injured to fight recklessly!
You are too injured to fight recklessly!
You barely miss the scorpion.
You feel very sick. The scorpion stings you.
The adder zombie barely misses you.
You take 6 damage, and have 40/66 hp.
You hit the scorpion but do no damage. You hit the adder zombie.
You feel very sick. The scorpion stings you.
You are more poisoned.
The scorpion poisons you!
The adder zombie bites you but does no damage.
The scorpion stings you.
You take 11 damage, and have 29/66 hp.
You hit the scorpion. You slash the adder zombie!
You feel very sick.
The adder zombie bites you but does no damage.
The scorpion stings you.
* * * LOW HITPOINT WARNING * * *
You take 10 damage, and have 19/66 hp.
* * * LOW HITPOINT WARNING * * *
You feel very sick.
You take 3 damage, and have 16/66 hp.
You barely miss the adder zombie.
* * * LOW HITPOINT WARNING * * *
You feel very sick.
You take 3 damage, and have 13/66 hp.
It was a potion of invisibility.
You fade into invisibility!
You feel sick. The scorpion stings you.
* * * LOW HITPOINT WARNING * * *
You take 7 damage, and have 6/66 hp.
It was a potion of brilliance.
You feel clever all of a sudden.
* * * LOW HITPOINT WARNING * * *
You feel sick.
The scorpion stings you but does no damage.
You take 2 damage, and have 4/66 hp.
It was a potion of degeneration.
There was something very wrong with that liquid.
You feel weakened.
You feel dopey.
You feel clumsy.
* * * LOW HITPOINT WARNING * * *
You feel sick.
The scorpion stings you but does no damage.
You take 2 damage, and have 2/66 hp.
It was a potion of might.
You feel very mighty all of a sudden.
* * * LOW HITPOINT WARNING * * *
You feel sick. The scorpion stings you.
You die...

...........# #..##....
#.#......##..###...#....
..##...........#........
#.....#................
#.###.....#.............#..
#......................##..
..................#[...#...
#.................##..<<#...
#.......#..@#..#........#...
#......###s##.##...###.....#
.........Z#..###.## ####...
##.##...)........#####....
.##......>#####.......##....
......#.#### #...#.........
......#..#.# #.#.#.....##..
..#...(....##...#.#.........
. ##......Z.................


You could see a scorpion and an adder zombie.

Vanquished Creatures
  Sigmund (D:2)
  A water moccasin (D:4)
  A phantom (D:4)
  A water moccasin zombie (D:5)
  2 hounds (D:4)
  A scorpion zombie (D:5)
  A gnoll (D:1)
  3 adders
  3 worms
  3 dart slugs
  5 ball pythons
  7 bats
  6 endoplasms
  3 giant cockroaches
  9 goblins
  4 hobgoblins
  A quokka (D:3)
  4 frilled lizards
  6 kobolds
  8 rats
70 creatures vanquished.

Notes
Turn   | Place    | Note
-------+----------+-------------------------------------------
     0 | D:5      | murtidash the Hill Orc Delver began the quest for the Orb.
     0 | D:5      | Reached XP level 1. HP: 19/19 MP: 1/1
    38 | D:5      | Identified the ring "Adinniekyo" {rF+ rN+}
    44 | D:5      | Noticed Grinder
   111 | D:5      | Noticed a water moccasin
   188 | D:4      | Reached skill level 3 in Axes
   285 | D:4      | Reached XP level 2. HP: 26/27 MP: 2/2
   321 | D:3      | Reached skill level 4 in Fighting
   586 | D:1      | HP: 4/27 [gnoll (4)]
   588 | D:1      | Reached XP level 3. HP: 6/34 MP: 3/3
  1089 | D:1      | Reached skill level 4 in Axes
  1919 | D:2      | Noticed Sigmund
  2011 | D:2      | Reached XP level 4. HP: 40/41 MP: 4/4
  2044 | D:2      | Reached skill level 5 in Fighting
  2081 | D:2      | Killed Sigmund
  2082 | D:2      | Reached skill level 6 in Fighting
  2082 | D:2      | Reached skill level 5 in Axes
  2082 | D:2      | Reached XP level 5. HP: 37/50 MP: 5/5
  2288 | D:2      | Reached XP level 6. HP: 57/57 MP: 6/6
  2841 | D:3      | Reached skill level 6 in Axes
  3180 | D:3      | Identified the -5 cloak of the Stag {Harm rF+ Str-2}
  3888 | D:4      | Killed a water moccasin
  4173 | D:4      | Reached skill level 7 in Fighting
  4173 | D:4      | Reached skill level 7 in Axes
  4173 | D:4      | Reached XP level 7. HP: 65/66 MP: 7/7
  4245 | D:5      | Reached skill level 1 in Armour
  4286 | D:5      | HP: 13/66 [poisoned by a scorpion]
  4287 | D:5      | HP: 6/66 [scorpion (5)]
  4289 | D:5      | HP: 2/66 [poisoned by a scorpion]
  4290 | D:5      | Slain by a scorpion

Illustrated notes

Levels and vault maps discovered:
D:1:      minmay_arrival_open_corners, layout_loops_corners, st_stairs_14,
          corexii_hall_statues_s, chequers_serial_rivers_small_b
D:2:      layout_loops_ring, minmay_tetromino_s4, uniq_sigmund
D:3:      layout_loops_ring, serial_forest, infiniplex_forest_end_1,
          infiniplex_forest_end_3, infiniplex_forest_end_2,
          infiniplex_forest_lined_4_way, infiniplex_forest_corner_1,
          infiniplex_forest_lined_ring, infiniplex_forest_join,
          infiniplex_forest_straight_5, infiniplex_forest_end_3
D:4:      layout_cave_pools
D:5:      layout_cave_pools, cheibrodos_gnoll_hut, uniq_grinder

Skill      XL: |  1  2  3  4  5  6  7 |
---------------+----------------------+-----
Axes           | 3 4 5 7 |  7.5
Fighting       | 4 6 7 |  7.3
Armour         | 1 |  1.0
Dodging        | |  1.5
Stealth        | |  4.1

Action                   |  1- 3 |  4- 6 |  7- 9 || total
-------------------------+-------+-------+-------++-------
Melee: Hand axe          |     5 |       |       ||     5
       War axe           |    74 |   118 |    27 ||   219
       Punch             |     2 |     4 |       ||     6
Throw: Stone             |    39 |    20 |       ||    59
  Use: Potion            |       |     2 |     4 ||     6
 Stab: Sleeping          |     8 |       |       ||     8
Armor: Leather armour    |    28 |     5 |       ||    33
       Chain mail        |       |    55 |    18 ||    73
       Skin              |       |    10 |       ||    10
Dodge: Dodged            |    52 |    46 |     7 ||   105

Table legend: (Time is in decaauts)
 A = Elapsed time spent in this place.
 B = Non-inter-level travel time spent in this place.
 C = Inter-level travel time spent in this place.
 D = Time resting spent in this place.
 E = Time spent auto-exploring this place.
 F = Levels seen in this place.
 G = Mean time per level.
                   A        B        C        D        E       F      G
               +--------+--------+--------+--------+--------+-----+--------+
         Total |   4334 |   4164 |    170 |    124 |   3155 |   5 |  866.8 |
       Dungeon |   4334 |   4164 |    170 |    124 |   3155 |   5 |  866.8 |
               +--------+--------+--------+--------+--------+-----+--------+

Top non-repeatable levels by time:
     D:1: 1478 daAuts
     D:3: 935 daAuts
     D:4: 828 daAuts
     D:2: 817 daAuts
     D:5: 274 daAuts

Table legend:
 A = Kills in this place as a percentage of kills in entire the game.
 B = Kills by you in this place as a percentage of kills by you in the entire game.
 C = Kills by friends in this place as a percentage of kills by friends in the entire game.
 D = Other kills in this place as a percentage of other kills in the entire game.
 E = Experience gained in this place as a percentage of experience gained in the entire game.
 F = Experience gained in this place divided by the number of levels of this place that you have seen.
                   A       B       C       D       E      F
               +-------+-------+-------+-------+-------+----------------------
         Total | 100.0 | 100.0 |   N/A |   N/A | 100.0 | 166.8
       Dungeon | 100.0 | 100.0 |   N/A |   N/A | 100.0 | 166.8
               +-------+-------+-------+-------+-------+----------------------
